 Dungeon Crawl Stone Soup version 0.30-a0-1124-g6e8f0f562f (webtiles) character file.

Game seed: 4151571889230515792

37 Darkkill the Shooter (level 3, -2/29 (31) HPs)
             Began as a Minotaur Hunter on Apr 23, 2023.
             Slain by a hobgoblin (3 damage)
             ... led by Robin
             ... on level 2 of the Dungeon.
             The game lasted 00:00:55 (824 turns).

Darkkill the Shooter (Minotaur Hunter)               Turns: 824, Time: 00:00:56

HP:   -2/29 (31)    AC:  3    Str: 15    XL:     3   Next: 21%
MP:   2/2           EV: 12    Int:  6    God:
Gold: 82            SH:  0    Dex: 15    Spells: 2/2 levels left

rFire   . . .        a - +1 shortbow
rCold   . . .        (shield currently unavailable)
rNeg    . . .        c - +0 leather armour
rPois   .            (helmet restricted)
rElec   .            (no cloak)
rCorr   .            (no gloves)
SInv    .            (no boots)
Will    .....        (no amulet)
Stlth   ++           (no ring)
HPRegen 0.24/turn    (no ring)
MPRegen 0.08/turn

%: no passive effects
@: drained
A: horns 2, retaliatory headbutt
a: no special abilities


You were on level 2 of the Dungeon.
You visited 1 branch of the dungeon, and saw 2 of its levels.

You collected 82 gold pieces.

Inventory:

Hand Weapons
 a - a +1 shortbow (weapon)
Missiles
 e - 11 stones
 i - 3 boomerangs
Armour
 c - a +0 leather armour (worn)
Scrolls
 b - a scroll of immolation
 d - a scroll of teleportation {unknown}
Potions
 j - a potion of curing {unknown}
 k - a potion of magic


   Skills:
 + Level 3.0 Fighting
 + Level 4.7 Ranged Weapons
 + Level 2.7 Dodging
 + Level 1.4 Stealth


You had 2 spell levels left.
You didn't know any spells.
Your spell library contained the following spells:

 Spells                   Type           Power      Damage    Failure   Level
 Portal Projectile        Hex/Tloc       0%         N/A       88%         3
 Tukima's Dance           Hex            0%         N/A       88%         3
 Blade Hands              Tmut           0%         N/A       100%        5


Dungeon Overview and Level Annotations

Branches:
Dungeon (2/15)

Altars:


Innate Abilities, Weirdness & Mutations

You have a pair of horns on your head.
You reflexively headbutt those who attack you in melee.


Message History

Press: ? - help, Q - select action, (/) - cycle Shift-Dir - straight line, f/p - goblin
Aim: a goblin, wielding a +0 dagger (strong, 55% to hit)
Okay, then.
Fire: a) +1 shortbow
Press: ? - help, Q - select action, (/) - cycle Shift-Dir - straight line, f - Robin, p - goblin
Aim: Robin, wielding a +0 dagger, wearing a +0 animal skin and wearing a +1 helmet (69% to hit)
You shoot an arrow. The arrow barely misses the goblin.
The hobgoblin shouts!
The arrow hits Robin.
Robin is moderately wounded.
The goblin misses you. The goblin hits you but does no damage.
A hobgoblin comes into view.
Fire: a) +1 shortbow
Press: ? - help, Q - select action, (/) - cycle Shift-Dir - straight line, f/p - Robin
Aim: Robin, wielding a +0 dagger, wearing a +0 animal skin and wearing a +1 helmet (moderately wounded, 69% to hit)
You shoot an arrow. The arrow closely misses the goblin.
The arrow hits Robin.
Robin is heavily wounded.
A hobgoblin comes into view.
The goblin hits you but does no damage. The goblin misses you.
The goblin hits you but does no damage. x2
Fire: a) +1 shortbow
Press: ? - help, Q - select action, (/) - cycle Shift-Dir - straight line, f/p - Robin
Aim: Robin, wielding a +0 dagger, wearing a +0 animal skin and wearing a +1 helmet (heavily wounded, 69% to hit)
You shoot an arrow. The arrow misses the goblin.
The arrow hits Robin.
Robin is heavily wounded.
The goblin closely misses you. The goblin barely misses you.
You furiously retaliate!
You headbutt the goblin.
Fire: a) +1 shortbow
Press: ? - help, Q - select action, (/) - cycle Shift-Dir - straight line, f/p - Robin
Aim: Robin, wielding a +0 dagger, wearing a +0 animal skin and wearing a +1 helmet (heavily wounded, 69% to hit)
You shoot an arrow. The arrow misses the goblin.
The arrow barely misses Robin.
The goblin hits you but does no damage.
A goblin comes into view. It is wielding a +0 dagger.
The goblin hits you with a +0 dagger.
A goblin comes into view. It is wielding a +2 dagger of draining.
Fire: a) +1 shortbow
Press: ? - help, Q - select action, (/) - cycle Shift-Dir - straight line, f/p - Robin
Aim: Robin, wielding a +0 dagger, wearing a +0 animal skin and wearing a +1 helmet (heavily wounded, 69% to hit)
You shoot an arrow. The arrow closely misses Robin.
The goblin shouts!
Robin misses you. You furiously retaliate!
You headbutt Robin!
You kill Robin!
The goblin completely misses you. The goblin hits you with a +0 dagger.
A hobgoblin comes into view. It is wielding a staff of air.
The goblin hits you with a +0 dagger. The goblin hits you but does no damage.
Your Fighting skill increases to level 3!
You have reached level 3!
Your experience leads to an increase in your attributes!
Increase (S)trength, (I)ntelligence, or (D)exterity?
You feel agile. x2
Fire: a) +1 shortbow
Press: ? - help, Q - select action, (/) - cycle Shift-Dir - straight line, f - goblin
Aim: a goblin, wielding a +0 dagger (strong, 56% to hit)
You shoot an arrow. The arrow barely misses the goblin.
The goblin closely misses you. x2; The goblin hits you with a +0 dagger.
Fire: a) +1 shortbow
Press: ? - help, Q - select action, (/) - cycle Shift-Dir - straight line, f/p - goblin
Aim: a goblin, wielding a +0 dagger (strong, 56% to hit)
You shoot an arrow. The arrow hits the goblin.
The goblin is severely wounded.
The goblin closely misses you. The goblin hits you with a +0 dagger.
The goblin barely misses you.
An adder comes into view.
Fire: a) +1 shortbow
Press: ? - help, Q - select action, (/) - cycle Shift-Dir - straight line, f/p - goblin
Aim: a goblin, wielding a +0 dagger (severely wounded, strong, 56% to hit)
You shoot an arrow. The adder hisses angrily.
The arrow hits the goblin!
You kill the goblin!
The goblin closely misses you. You furiously retaliate!
You headbutt the goblin!
You kill the goblin!
The goblin hits you with a +0 dagger. The goblin closely misses you.
Fire: a) +1 shortbow
Press: ? - help, Q - select action, (/) - cycle Shift-Dir - straight line, f - goblin
Aim: a goblin, wielding a +0 dagger (moderately wounded, strong, 56% to hit)
You shoot an arrow. The arrow misses the goblin.
The goblin hits you with a +0 dagger. x2
* * * LOW HITPOINT WARNING * * *
Fire: a) +1 shortbow
Press: ? - help, Q - select action, (/) - cycle Shift-Dir - straight line, f/p - goblin
Aim: a goblin, wielding a +0 dagger (moderately wounded, strong, 56% to hit)
You shoot an arrow. The arrow closely misses the goblin.
The hobgoblin no longer looks unusually strong. x2
The goblin no longer looks unusually strong.
The hobgoblin barely misses you. You furiously retaliate!
You headbutt the hobgoblin!
You kill the hobgoblin!
The goblin hits you with a +0 dagger.
* * * LOW HITPOINT WARNING * * *
Fire: a) +1 shortbow
Press: ? - help, Q - select action, (/) - cycle Shift-Dir - straight line, f/p - goblin
Aim: a goblin, wielding a +0 dagger (strong, 56% to hit)
You shoot an arrow. The arrow hits the goblin.
You kill the goblin!
The goblin hits you with a +2 dagger of draining.
* * * LOW HITPOINT WARNING * * *
You feel drained. The hobgoblin hits you.
You die...

### ###### #.#####....##
#########.......##..#
............#######.##########
#####<..........###.#........#
.......####..................#
.####### ####.######........#
#.g@# #.....>..# ###gg#
########## ##Sgg# .#....
.####.. .# . ##


You could see an adder, 3 hobgoblins and 2 goblins.

Vanquished Creatures
  Robin (D:2)
  2 bats (D:1)
  5 goblins
  5 hobgoblins
  3 quokkas (D:1)
  3 ball pythons
  2 kobolds (D:1)
  5 rats
26 creatures vanquished.

Vanquished Creatures (others)
  A fungus (D:2)
1 creature vanquished.

Grand Total: 27 creatures vanquished

Notes
Turn   | Place    | Note
-------+----------+-------------------------------------------
     0 | D:1      | Darkkill the Minotaur Hunter began the quest for the Orb.
     0 | D:1      | Reached XP level 1. HP: 18/18 MP: 0/0
    58 | D:1      | Reached skill level 1 in Stealth
   154 | D:1      | Reached XP level 2. HP: 25/25 MP: 1/1
   810 | D:2      | Noticed Robin
   818 | D:2      | Killed Robin
   819 | D:2      | Reached XP level 3. HP: 20/31 MP: 2/2
   823 | D:2      | HP: 5/31 [goblin/+0 dagger[Robin] (2)]
   824 | D:2      | HP: 1/31 [goblin/+2 dagger of draining[Robin] (4)]
   824 | D:2      | Slain by a hobgoblin

Illustrated notes

Levels and vault maps discovered:
D:1:      mushboom_english_gardens, layout_basic
D:2:      layout_rooms, dreamdust_ecumenical_altar_grove, serial_shops, shop,
          basic_altar, uniq_natasha, uniq_jessica, uniq_robin

Skill      XL: |  1  2 |
---------------+-------+-----
Stealth        | 1 |  1.4
Fighting       | 3 |  3.0
Ranged Weapons | |  4.7
Dodging        | |  2.7

Action                     || total
---------------------------++-------
   Fire: Shortbow          ||    87
    Use: Scroll            ||     3
 Armour: Leather armour    ||    14
  Dodge: Dodged            ||    36

Table legend: (Time is in decaauts)
 A = Elapsed time spent in this place.
 B = Non-inter-level travel time spent in this place.
 C = Inter-level travel time spent in this place.
 D = Time resting spent in this place.
 E = Time spent auto-exploring this place.
 F = Levels seen in this place.
 G = Mean time per level.
                   A        B        C        D        E       F      G
               +--------+--------+--------+--------+--------+-----+--------+
         Total |    850 |    807 |     43 |      0 |    656 |   2 |  425.0 |
       Dungeon |    850 |    807 |     43 |      0 |    656 |   2 |  425.0 |
               +--------+--------+--------+--------+--------+-----+--------+

Top non-repeatable levels by time:
     D:1: 768 daAuts
     D:2: 81 daAuts

Table legend:
 A = Kills in this place as a percentage of kills in the entire game.
 B = Kills by you in this place as a percentage of kills by you in the entire game.
 C = Kills by friends in this place as a percentage of kills by friends in the entire game.
 D = Other kills in this place as a percentage of other kills in the entire game.
 E = Experience gained in this place as a percentage of experience gained in the entire game.
 F = Experience gained in this place divided by the number of levels of this place that you have seen.
                   A       B       C       D       E      F
               +-------+-------+-------+-------+-------+----------------------
         Total | 100.0 | 100.0 |   N/A |   N/A | 100.0 |  27.5
       Dungeon | 100.0 | 100.0 |   N/A |   N/A | 100.0 |  27.5
               +-------+-------+-------+-------+-------+----------------------
